Map: [ESL] Goldenaura

Players

Nanami - Winner!

  • Race: Protoss Protoss
  • Spawn Location: 5:00

TeebuL

  • Race: Protoss Protoss
  • Spawn Location: 12:00

Event: ESL SC2 Masters 2023 Winter (Regional)

VOD

Have the link to the VOD?

Description

Time

  • Played on: Oct. 29, 2023, 8:34 a.m.
  • Length: 12:59

All games in this series

Show
View Real Time Build Order
Export as new Build Order

Nanami Protoss - Winner!

Build Orders: Oracle Opening 

Get SALT Encoding   

  12  0:00  Probe  
  13  0:12  Probe  
  14  0:17  Pylon  
  14  0:24  Probe (Chrono Boost)  
  16  0:36  Probe (Chrono Boost)  
  16  0:37  Gateway  
  16  0:43  Probe (Chrono Boost)  
  16  0:46  Assimilator  
  17  0:51  Probe  
  17  0:55  Assimilator  
  18  1:03  Probe (Chrono Boost)  
  19  1:08  Gateway  
  19  1:13  Probe (Chrono Boost)  
  19  1:18  Probe  
  20  1:24  Cybernetics Core  
  21  1:30  Probe  
  22  1:36  Pylon  
  22  1:42  Probe  
  23  1:54  Probe  
  24  2:01  Stalker x2  
  24  2:05  Warp Gate  
  28  2:12  Pylon  
  28  2:27  Stargate  
  28  2:35  Stalker  
  30  2:44  Stalker  
  32  2:59  Nexus  
  32  3:02  Probe  
  32  3:09  Oracle (Chrono Boost)  
  36  3:21  Pylon  
  36  3:23  Probe  
  34  3:35  Probe  
  34  3:38  Oracle (Chrono Boost)  
  38  3:47  Probe  
  39  3:59  Probe  
  39  4:00  Twilight Council  
  40  4:12  Probe (Chrono Boost)  
  42  4:17  Probe (Chrono Boost)  
  42  4:21  Probe (Chrono Boost)  
  42  4:22  Shield Battery  
  44  4:25  Probe (Chrono Boost)  
  44  4:26  Probe (Chrono Boost)  
  44  4:29  Blink (Chrono Boost)  
  45  4:35  Probe  
  45  4:36  Gateway  
  45  4:37  Gateway  
  46  4:39  Probe  
  47  4:48  Probe  
  47  4:51  Probe  
  47  4:52  Stalker  
  51  4:53  Stalker  
  53  5:00  Probe  
  53  5:03  Pylon  
  53  5:04  Assimilator, Probe  
  55  5:12  Probe  
  56  5:16  Stalker, Probe  
  56  5:17  Stalker  
  56  5:20  Pylon  
  61  5:24  Probe  
  63  5:36  Stalker x2  
  63  5:38  Pylon  
  66  5:46  Nexus  
  66  5:54  Robotics Facility  
  66  5:58  Probe, Forge  
  66  5:59  Probe  
  68  6:11  Probe x2  
  70  6:23  Gateway, Probe (Chrono Boost)  
  70  6:24  Gateway, Probe (Chrono Boost)  
  72  6:29  Protoss Ground Weapons Level 1 (Chrono Boost)  
  72  6:35  Probe (Chrono Boost)  
  72  6:36  Probe (Chrono Boost)  
  74  6:41  Observer  
  74  6:42  Gateway, Probe (Chrono Boost)  
  74  6:43  Gateway, Probe (Chrono Boost)  
  77  6:47  Sentry, Gateway  
  77  6:48  Gateway  
  77  6:50  Probe  
  77  6:52  Probe  
  77  6:53  Pylon  
  78  6:57  Charge  
  78  6:58  Probe  
  76  7:02  Stalker  
  76  7:04  Phoenix  
  76  7:06  Immortal (Chrono Boost)  
  82  7:11  Shield Battery  
  82  7:17  Stalker x2  
  82  7:19  Stalker  
  82  7:21  Probe  
  82  7:22  Probe  
  90  7:24  Stalker  
  90  7:28  Pylon  
  92  7:36  Pylon  
  92  7:48  Nexus  
  92  7:49  Pylon  
  92  7:50  Zealot x4  
  100  7:54  Observer  
  100  7:55  Stalker x2  
  104  8:01  Photon Cannon  
  104  8:02  Photon Cannon  
  105  8:06  Probe  
  105  8:07  Probe x2  
  108  8:17  Protoss Ground Weapons Level 2 (Chrono Boost)  
  108  8:19  Probe x2  
  110  8:20  Photon Cannon  
  110  8:26  Immortal  
  114  8:30  Sentry  
  114  8:32  Photon Cannon, Probe x2  
  118  8:34  Photon Cannon, Phoenix  
  118  8:37  Photon Cannon  
  118  8:39  Zealot  
  120  8:47  Pylon  
  120  8:52  Pylon x2  
  120  9:02  Shield Battery  
  120  9:05  Pylon  
  120  9:06  Immortal  
  120  9:08  Stalker x3  
  128  9:14  Stalker x2  
  132  9:19  Stalker x2  
  136  9:29  Stalker x2  
  140  9:33  Zealot x2  
  140  9:36  Warp Prism  
  140  9:37  Photon Cannon  
  144  9:41  Photon Cannon  
  144  9:44  Photon Cannon  
  146  9:47  Observer  
  146  9:48  Photon Cannon, Shield Battery  
  146  9:51  Zealot x2  
  150  10:01  Zealot x3  
  150  10:07  Zealot x5  
  158  10:12  Stalker x2  
  170  10:17  Pylon  
  170  10:20  Observer  
  164  10:35  Stalker x6  
  150  10:36  Stalker x3  
  140  10:43  Stalker  
  140  10:48  Immortal (Chrono Boost)  
  146  11:01  Zealot x9  
  147  11:15  Stalker  
  135  11:20  Observer  
  135  11:21  Zealot x3  
  135  11:22  Zealot x6  
  111  11:40  Zealot  
  111  11:42  Observer (Chrono Boost)  
  111  11:43  Zealot x9  
  127  12:01  Observer (Chrono Boost)  
  127  12:05  Stalker x2  
  127  12:06  Zealot x4  
  127  12:07  Nexus  
  139  12:09  Stalker  
  139  12:10  Zealot  
  141  12:23  Zealot x2  
  141  12:28  Zealot x5  
  141  12:29  Zealot  
  139  12:36  Stalker x2  
  133  12:44  Zealot x2  
  115  12:52  Zealot x6  
Show
View Real Time Build Order
Export as new Build Order

TeebuL Protoss 

Build Orders: Blink Stalkers 

Get SALT Encoding   

  12  0:00  Probe  
  13  0:12  Probe  
  14  0:17  Pylon  
  14  0:24  Probe (Chrono Boost)  
  15  0:37  Probe (Chrono Boost)  
  15  0:38  Gateway  
  16  0:44  Probe (Chrono Boost)  
  16  0:47  Assimilator  
  17  0:51  Probe  
  17  0:55  Assimilator  
  18  1:03  Probe (Chrono Boost)  
  19  1:08  Gateway  
  19  1:14  Probe (Chrono Boost)  
  20  1:19  Probe (Chrono Boost)  
  21  1:25  Cybernetics Core  
  21  1:30  Probe  
  22  1:37  Pylon  
  22  1:42  Probe  
  23  2:00  Warp Gate (Chrono Boost)  
  24  2:01  Stalker  
  24  2:02  Stalker  
  28  2:12  Pylon  
  28  2:23  Pylon  
  27  2:31  Stalker  
  29  2:44  Stargate  
  29  2:46  Probe  
  29  2:48  Stalker  
  33  2:58  Probe  
  33  3:11  Twilight Council  
  34  3:18  Nexus  
  33  3:28  Shield Battery  
  33  3:33  Probe  
  30  3:43  Stalker x2  
  30  3:47  Blink (Chrono Boost)  
  34  3:58  Probe  
  35  4:09  Stalker  
  35  4:11  Stalker  
  35  4:14  Probe  
  38  4:21  Shield Battery  
  38  4:26  Probe  
  39  4:32  Probe (Chrono Boost)  
  39  4:36  Stalker  
  43  4:41  Probe (Chrono Boost)  
  43  4:44  Probe (Chrono Boost)  
  46  4:53  Sentry, Probe (Chrono Boost), Pylon  
  46  4:54  Probe (Chrono Boost)  
  46  4:58  Probe  
  48  5:02  Probe  
  48  5:04  Phoenix, Pylon  
  50  5:10  Probe  
  50  5:12  Stalker  
  53  5:14  Probe  
  53  5:18  Forge  
  54  5:23  Stalker  
  54  5:24  Probe  
  57  5:33  Probe  
  58  5:36  Probe  
  58  5:39  Stalker  
  61  5:45  Protoss Ground Weapons Level 1 (Chrono Boost)  
  61  5:50  Gateway  
  61  5:51  Gateway  
  61  5:53  Probe  
  62  5:58  Stalker  
  62  6:04  Stalker  
  67  6:08  Nexus  
  66  6:13  Pylon  
  66  6:17  Probe  
  67  6:22  Stalker  
  69  6:27  Pylon, Probe  
  69  6:32  Assimilator  
  70  6:33  Stalker  
  70  6:36  Probe  
  73  6:40  Probe  
  73  6:41  Phoenix  
  73  6:42  Pylon  
  74  6:48  Probe (Chrono Boost)  
  74  6:49  Stalker x2  
  74  6:51  Shield Battery  
  74  6:53  Probe (Chrono Boost)  
  80  7:00  Probe (Chrono Boost)  
  81  7:02  Photon Cannon  
  81  7:04  Probe (Chrono Boost)  
  81  7:08  Probe (Chrono Boost)  
  83  7:09  Probe (Chrono Boost)  
  83  7:14  Dark Shrine  
  83  7:15  Probe (Chrono Boost)  
  84  7:16  Robotics Facility  
  84  7:17  Sentry  
  84  7:21  Probe (Chrono Boost)  
  84  7:22  Photon Cannon, Probe (Chrono Boost)  
  90  7:32  Probe (Chrono Boost)  
  90  7:33  Protoss Ground Weapons Level 2 (Chrono Boost), Phoenix  
  90  7:34  Probe (Chrono Boost)  
  90  7:35  Probe (Chrono Boost)  
  90  7:36  Charge  
  92  7:39  Probe (Chrono Boost)  
  93  7:44  Gateway  
  93  7:45  Gateway  
  93  7:49  Gateway  
  93  7:51  Gateway  
  93  8:02  Pylon  
  93  8:04  Observer  
  94  8:06  Nexus  
  94  8:13  Probe x2  
  94  8:17  Probe  
  97  8:20  Stalker x2  
  97  8:21  Stalker x2  
  97  8:25  Probe  
  105  8:28  Probe  
  105  8:32  Probe  
  107  8:38  Shadow Stride (Chrono Boost)  
  107  8:42  Probe  
  108  8:48  Zealot x4  
  108  8:53  Gateway x2  
  116  8:56  Observer (Chrono Boost)  
  116  8:57  Pylon x2  
  116  9:00  Pylon  
  117  9:03  Photon Cannon, Shield Battery  
  117  9:06  Assimilator  
  117  9:14  Observer  
  118  9:17  Zealot x7  
  118  9:23  Pylon  
  132  9:24  Pylon  
  132  9:27  Probe  
  131  9:39  Dark Templar x4  
  131  9:43  Zealot x4  
  147  9:46  Observer (Chrono Boost)  
  147  9:49  Probe x3  
  151  9:55  Protoss Ground Weapons Level 3 (Chrono Boost)  
  150  10:05  Zealot x6  
  158  10:09  Pylon  
  158  10:10  Pylon  
  158  10:11  Zealot x3  
  164  10:17  Stalker  
  146  10:29  Stalker x5  
  132  10:36  Zealot, Stalker x2  
  132  10:37  Zealot  
  125  10:48  Stalker  
  121  10:56  Dark Templar  
  123  10:59  Zealot x4  
  123  11:00  Zealot x2  
  133  11:05  Nexus  
  133  11:07  Dark Templar  
  133  11:08  Zealot  
  125  11:15  Dark Templar  
  115  11:21  Zealot x6  
  100  11:30  Dark Templar  
  100  11:31  Zealot  
  86  11:41  Observer, Pylon  
  86  11:45  Stalker x4  
  90  11:54  Zealot x5  
  90  11:58  Probe  
  101  12:04  Archon  
  101  12:05  Zealot  
  101  12:06  Probe x3  
  106  12:10  Probe  
  106  12:12  Zealot x4  
  109  12:18  Zealot x5  
  115  12:28  Zealot  
  96  12:34  Zealot x2  
  96  12:35  Zealot x2  
  93  12:40  Zealot x2  
  93  12:41  Zealot x3  
  66  12:52  Stalker  
Tags
 
Add a new tag
Caveats
  • Supply blocks, unpowered buildings, or Contaminate may cause inaccurate times.
  • Supply counts are checked every 10 seconds.